 Dungeon Crawl Stone Soup version 0.21-a0-142-gdd972a7 (webtiles) character file.

3 Gorice the Grave Robber (level 1, 0/13 HPs)
             Began as a Demonspawn Necromancer on July 22, 2017.
             Slain by a kobold (2 damage)
             ... on level 1 of the Dungeon.
             The game lasted 00:00:57 (93 turns).

Gorice the Grave Robber (Demonspawn Necromancer)      Turns: 93, Time: 00:00:58

Health: 0/13       AC:  2    Str:  8    XL:     1   Next: 41%
Magic:  2/3        EV: 12    Int: 16    God:
Gold:   0          SH:  0    Dex: 13    Spells: 2/4 levels left

rFire    . . .     SeeInvis .   (no weapon)
rCold    . . .     Gourm    .   (no shield)
rNeg     . . .     Faith    .   a - +0 robe
rPois    .         Spirit   .   (no helmet)
rElec    .         Reflect  .   (no cloak)
rCorr    .         Harm     .   (no gloves)
MR       .....                  (no boots)
Stlth    ++........             (no amulet)
HPRegen  0.04/turn              (no ring)
MPRegen  0.08/turn              (no ring)

@: no status effects
A: no striking features
a: no special abilities


You were on level 1 of the Dungeon.
You were not hungry.

You visited 1 branch of the dungeon, and saw 1 of its levels.

Inventory:

Armour
 a - a +0 robe (worn)
Books
 b - a book of Necromancy
Comestibles
 c - a bread ration {!e}


   Skills:
 - Level 1.7 Dodging
 - Level 1.7 Stealth
 + Level 2.1 Spellcasting
 * Level 4.5 Necromancy


You had 2 spell levels left.
You knew the following spells:

 Your Spells              Type           Power        Failure   Level  Hunger
a - Pain                  Necr           ###.         3%          1    #......
b - Animate Skeleton      Necr           N/A          3%          1    #......


Dungeon Overview and Level Annotations

Branches:
Dungeon (1/15)

Altars:


Message History

Before your eyes, flesh is ripped from the corpse!
The dead are walking!
Your kobold skeleton hits the hobgoblin.
You see here 3 inedible chunks of flesh.
The hobgoblin hits your kobold skeleton with a club.
The hobgoblin hits your kobold skeleton with a club.
Your kobold skeleton hits the hobgoblin but does no damage.
The hobgoblin hits your kobold skeleton with a club.
Your kobold skeleton is destroyed!
Something closely misses your kobold skeleton.
Your kobold skeleton hits the hobgoblin.
The hobgoblin hits your kobold skeleton with a club.
The hobgoblin barely misses your kobold skeleton.
Your kobold skeleton hits the hobgoblin.
The hobgoblin hits your kobold skeleton with a club.
Your kobold skeleton is destroyed!
Casting: Animate Skeleton
Confirm with . or Enter, or press ? or * to list all spells.
Aiming: Pain
Press: ? - help, Shift-Dir - straight line, f/p - hobgoblin
Aim: a hobgoblin, wielding a club (severely wounded, chance to defeat MR: 85%)
The hobgoblin writhes in agony!
You kill the hobgoblin!
Damage: 1 (max 8) 2 rats come into view.
Your magical contamination has completely faded away.
A hobgoblin comes into view.
Found 13 gold pieces.
The rat bites you.
* * * LOW HITPOINT WARNING * * *
Damage: 1 (max 8)
You hit the rat.
The rat is severely wounded.
The rat bites you but does no damage.
You barely miss the rat.
The rat is severely wounded.
The rat completely misses you.
You barely miss the rat.
The rat is severely wounded.
The rat closely misses you.
You hit the rat.
The rat is severely wounded.
The rat bites you.
* * * LOW HITPOINT WARNING * * *
Damage: 1 (max 8)
You hit the rat.
You kill the rat!
You barely miss the kobold. The kobold closely misses you.
You hit the kobold but do no damage. The kobold hits you.
You die...

### ### .. ..... ########
.##.... #......###....... ...
#.....lgK@......# .l....
#...w..########.# .K....
...###.###########.# .l....
...g......K.l.w...%.####......
.$.####.###.#######......w....
#.# #..# ##..........# #.#
##.# ##............ #.# .#
#............. #.# .#
#.............


You could see a dart slug, a hobgoblin, a kobold and a frilled lizard.

Vanquished Creatures
  A hobgoblin (D:1)
  2 kobolds (D:1)
  A rat (D:1)
4 creatures vanquished.

Notes
Turn   | Place    | Note
-------+----------+-------------------------------------------
     0 | D:1      | Gorice the Demonspawn Necromancer began the quest for the Orb.
     0 | D:1      | Reached XP level 1. HP: 13/13 MP: 3/3
    14 | D:1      | Learned a level 1 spell: Animate Skeleton
    80 | D:1      | HP: 3/13 [rat (1)]
    90 | D:1      | HP: 2/13 [rat (1)]
    93 | D:1      | Slain by a kobold

Vault maps used:
D:1:      minmay_arrival_open_corners, kennysheep_minor_cross

Action                   || total
-------------------------++-------
Melee: Unarmed           ||     7
 Cast: Pain              ||     4
       Animate Skeleton  ||     2
Armor: Robe              ||     1
Dodge: Dodged            ||     4

Table legend:
 A = Turns spent in this place as a percentage of turns spent in the entire game.
 B = Non-inter-level travel turns spent in this place as a percentage of non-inter-level travel turns spent in the entire game.
 C = Inter-level travel turns spent in this place as a percentage of turns spent in this place.
 D = Turns resting spent in this place as a percentage of non-inter-level travel turns spent in this place.
 E = Turns spent auto-exploring this place as a percentage of non-inter-level travel turns spent in this place.
 F = Non-inter-level travel turns spent in this place divided by the number of levels of this place that you've seen.
                   A       B       C       D       E      F
               +-------+-------+-------+-------+-------+----------------------
         Total | 100.0 | 100.0 |   0.0 |   2.9 |   4.3 |  70.0
       Dungeon | 100.0 | 100.0 |   0.0 |   2.9 |   4.3 |  70.0
               +-------+-------+-------+-------+-------+----------------------

Vault maps used:
D:1:      minmay_arrival_open_corners, kennysheep_minor_cross
